 Dungeon Crawl Stone Soup version 0.22.1-1-ga44c0e5 (webtiles) character file.

461 Folque the Ruffian (level 6, -2/59 HPs)
             Began as a Troll Monk on Sept 27, 2018.
             Slain by a hippogriff (10 damage)
             ... on level 6 of the Dungeon.
             The game lasted 00:08:07 (2954 turns).

Folque the Ruffian (Troll Monk)                     Turns: 2954, Time: 00:08:08

Health: -2/59      AC:  6    Str: 21    XL:     6   Next: 79%
Magic:  5/5        EV: 11    Int:  6    God:
Gold:   192        SH:  0    Dex: 13    Spells: 5/5 levels left

rFire    . . .     SeeInvis .     - Unarmed
rCold    . . .     Gourm    +   (no shield)
rNeg     . . .     Faith    .   a - +0 robe
rPois    .         Spirit   .   (helmet restricted)
rElec    .         Reflect  .   q - +0 cloak
rCorr    .         Harm     .   (gloves unavailable)
MR       .....                  (boots unavailable)
Stlth    +.........             (no amulet)
HPRegen  0.59/turn              (no ring)
MPRegen  0.09/turn              (no ring)

@: confused
A: large, unfitting armour, claws 3, fast metabolism 3, gourmand, regeneration
1, shaggy fur 1, tough skin 2
a: no special abilities


You were on level 6 of the Dungeon.
You were very full.

You visited 1 branch of the dungeon, and saw 6 of its levels.

You collected 192 gold pieces.

Inventory:

Missiles
 j - 16 javelins (quivered)
 v - 9 poisoned needles
 w - 2 poisoned tomahawks
Armour
 a - a +0 robe (worn)
 q - a +0 cloak (worn)
Jewellery
 f - a cursed ring of attention {unknown}
 h - a cursed ring of teleportation {unknown}
 y - an uncursed amulet of the gourmand {unknown}
Wands
 A - a wand of paralysis (12)
Scrolls
 d - 2 scrolls of remove curse {unknown}
 g - a scroll of amnesia {unknown}
 k - 4 scrolls of teleportation
 r - 4 scrolls of enchant armour {unknown}
 t - 7 scrolls of identify {unknown}
 u - a scroll of noise {unknown}
 x - a scroll of magic mapping {unknown}
Potions
 c - 3 potions of heal wounds {unknown}
 e - a potion of agility {unknown}
 i - a potion of brilliance {unknown}
 l - a potion of ambrosia
 m - a potion of curing {unknown}
 n - a potion of cancellation {unknown}
 o - a potion of resistance {unknown}
 p - a potion of mutation {unknown}
 s - a potion of might {unknown}
 z - 2 potions of lignification {unknown}
Comestibles
 b - 14 rations


   Skills:
 + Level 2.9 Fighting
 - Level 2.0 Throwing
 + Level 3.8 Dodging
 - Level 1.0 Stealth
 * Level 6.0 Unarmed Combat


You had 5 spell levels left.
You didn't know any spells.
Your spell library was empty.

Dungeon Overview and Level Annotations

Branches:
Dungeon (6/15)
 Temple: D:4-7

Altars:
Qazlal

Annotations:
D:6 exclusions: 2 soldier ants, 3 worker ants and 1 more exclusion


Innate Abilities, Weirdness & Mutations

You are too large for most types of armour.
You have claws for hands.
Your metabolism is lightning-fast.
You like to eat raw meat.
Your natural rate of healing is unusually fast.
You are covered in fur. (AC +1)
You have very tough skin. (AC +2)


Message History

The hippogriff is moderately wounded.
You completely miss the hippogriff.
The hippogriff is moderately wounded.
The hippogriff bites you! The hippogriff pecks you. The hippogriff claws you!
You scratch the hippogriff. You claw the hippogriff!
The hippogriff is heavily wounded.
The hippogriff bites you! The hippogriff pecks you.
The hippogriff claws you but does no damage.
You barely miss the hippogriff.
The hippogriff is heavily wounded.
The hippogriff bites you!
* * * LOW HITPOINT WARNING * * *
The hippogriff pecks you.
* * * LOW HITPOINT WARNING * * *
The hippogriff claws you.
* * * LOW HITPOINT WARNING * * *
It was a potion of ambrosia.
You are confused.
You feel invigorated. The hippogriff bites you!
You die...

### .... #.+ .... #.#
..... #.# .....
#.#...... ###.#......
#..........
#.#@#.#### #.#.H.#
#.##### ###.....##
#........#
#........############
#...................#
#.............#####(#
#.............##.#


You could see a hippogriff.

Vanquished Creatures
  An ogre (D:4)
  A centaur (D:5)
  A bullfrog zombie (D:4)
  Crazy Yiuf (D:5)
  A hound (D:5)
  A centaur skeleton (D:5)
  A hound skeleton (D:6)
  6 adders
  3 oozes
  An adder skeleton (D:4)
  4 worms (D:3)
  4 dart slugs
  3 leopard geckos
  6 orcs
  A giant cockroach (D:3)
  6 hobgoblins
  5 jackals
  3 quokkas
  8 bats
  7 frilled lizards
  7 goblins
  3 kobolds
  3 rats
77 creatures vanquished.

Vanquished Creatures (others)
  A plant (D:5)
1 creature vanquished.

Grand Total: 78 creatures vanquished

Notes
Turn   | Place    | Note
-------+----------+-------------------------------------------
     0 | D:1      | Folque the Troll Monk began the quest for the Orb.
     0 | D:1      | Reached XP level 1. HP: 22/22 MP: 0/0
   234 | D:1      | Reached XP level 2. HP: 29/29 MP: 1/1
   465 | D:1      | Reached XP level 3. HP: 33/36 MP: 2/2
   717 | D:2      | Reached skill level 4 in Unarmed Combat
   899 | D:2      | Reached XP level 4. HP: 44/44 MP: 3/3
  1059 | D:2      | You fall through a shaft!
  1077 | D:3      | Found a faded altar of an unknown god.
  1694 | D:3      | Found a stormy altar of Qazlal.
  1801 | D:4      | Reached skill level 1 in Throwing
  1801 | D:4      | Reached XP level 5. HP: 45/50 MP: 4/4
  1882 | D:4      | Noticed an ogre
  1950 | D:4      | Killed an ogre
  1950 | D:4      | Reached skill level 5 in Unarmed Combat
  2135 | D:5      | Entered Level 5 of the Dungeon
  2159 | D:5      | Reached XP level 6. HP: 59/59 MP: 5/5
  2755 | D:5      | Found a runed door.
  2759 | D:5      | Noticed Crazy Yiuf
  2764 | D:5      | Killed Crazy Yiuf
  2861 | D:6      | Noticed a soldier ant
  2861 | D:6      | Noticed a soldier ant
  2862 | D:6      | Noticed a soldier ant
  2871 | D:6      | Reached skill level 6 in Unarmed Combat
  2948 | D:6      | Noticed a hippogriff
  2954 | D:6      | Slain by a hippogriff

Skill      XL: |  1  2  3  4  5  6 |
---------------+-------------------+-----
Unarmed Combat | 4 5 6 |  6.0
Dodging        | 3 |  3.8
Throwing       | 1 2 |  2.0
Fighting       | |  2.9
Stealth        | |  1.0

Action                   |  1- 3 |  4- 6 || total
-------------------------+-------+-------++-------
Melee: Unarmed           |    73 |   112 ||   185
       Punch             |       |     2 ||     2
Throw: Javelin           |     1 |    17 ||    18
  Use: Scroll            |       |     1 ||     1
       Potion            |       |     1 ||     1
 Stab: Sleeping          |     2 |     4 ||     6
  Eat: Chunk             |    14 |    17 ||    31
Armor: Robe              |    29 |    20 ||    49
Dodge: Dodged            |    42 |    51 ||    93
